[ AOE2 MATCH · #505732726 ]
UnrankedMalians vs Shu
Player's team · WIN
Rival team · LOSS
[ REPLAY ANALYSIS · EXTRACTED FROM THE RECORDED GAME ]
Feudal
10:56
Castle
—
Imperial
—
| APM avg | 67.5 |
| APM peak | 107 |
| eAPM avg | 21.9 |
| Villagers / military | 26 / 7 |
Focus
⚔️ 31.3% · 🌾 68.7%
Militia ×5 · Archer ×1 · Spearman ×1
Feudal
9:07
Castle
—
Imperial
—
| APM avg | 71.6 |
| APM peak | 94 |
| eAPM avg | 18.4 |
| Villagers / military | 27 / 1 |
Focus
⚔️ 25.3% · 🌾 74.7%
Spearman ×1
Match map
Initial resources + every placement click. Lines = walls · curves = elevation contours. ◆ gold · ⬟ stone · ● berries · ✦ relic · ◌ wall gap
Your base· Open — unwalled flank
shy_Ri's base· Open — unwalled flank
Smoothed initial terrain · ◌ = detected wall gap · hover for details
Inputs per minute
— JOJO ROAD ROLLER - - shy_Ri
Build order — JOJO ROAD ROLLER
63 actions detected in the replay
| 0:00 | Create | Villager (Male) ×4 |
| 0:02 | Build | House |
| 0:02 | Build | House |
| 1:25 | Create | Villager (Male) |
| 1:55 | Build | Lumber Camp |
| 1:55 | Create | Villager (Male) |
| 2:00 | Build | House |
| 2:24 | Create | Villager (Male) |
| 2:50 | Create | Villager (Male) |
| 3:18 | Create | Villager (Male) |
| 3:18 | Create | Villager (Male) |
| 3:36 | Create | Villager (Male) |
| 3:48 | Build | House |
| 3:59 | Create | Villager (Male) |
| 4:14 | Create | Villager (Male) |
| 4:17 | Build | Palisade Wall |
| 4:18 | Build | Palisade Wall |
| 4:19 | Build | Palisade Wall |
| 4:26 | Build | Barracks |
| 4:33 | Build | Palisade Wall |
| 4:47 | Create | Villager (Male) |
| 4:47 | Create | Villager (Male) |
| 5:13 | Create | Villager (Male) |
| 5:30 | Build | House |
| 5:33 | Create | Militia |
| 5:35 | Create | Militia |
| 5:45 | Build | Mill |
| 6:10 | Create | Militia |
| 6:11 | Create | Villager (Male) |
| 6:37 | Create | Villager (Male) |
| 7:01 | Create | Villager (Male) |
| 7:01 | Create | Villager (Male) |
| 7:02 | Research | Loom |
| 7:09 | Build | Mill |
| 7:22 | Build | House |
| 7:23 | Build | Palisade Wall |
| 8:19 | Create | Villager (Male) |
| 8:45 | Research | Feudal Age |
| 8:49 | Build | Mining Camp |
| 9:15 | Create | Militia |
| 9:32 | Build | House |
| 9:32 | Build | House |
| 9:38 | Build | Palisade Wall |
| 9:46 | Create | Militia |
| 10:23 | Create | Villager (Male) |
| 10:56 | Age | Feudal Age |
| 10:58 | Research | Man-at-Arms (upgrade) |
| 10:59 | Create | Villager (Male) |
| 11:00 | Build | Archery Range |
| 11:16 | Research | Double-Bit Axe |
| 11:23 | Build | House |
| 11:24 | Build | Palisade Wall |
| 11:25 | Build | Palisade Wall |
| 11:26 | Create | Spearman |
| 11:30 | Build | House |
| 11:35 | Build | Palisade Wall |
| 11:43 | Create | Villager (Male) |
| 12:07 | Create | Villager (Male) |
| 12:08 | Create | Archer |
| 12:11 | Build | House |
| 12:16 | Build | Palisade Gate |
| 12:17 | Build | Palisade Wall |
| 12:34 | Create | Villager (Male) |
Build order — shy_Ri
67 actions detected in the replay
| 0:01 | Create | Villager (Male) |
| 0:02 | Build | House |
| 0:03 | Build | House |
| 0:10 | Create | Villager (Male) |
| 0:10 | Create | Villager (Male) |
| 0:15 | Create | Villager (Male) |
| 0:15 | Create | Villager (Male) |
| 1:27 | Create | Villager (Male) |
| 1:55 | Build | Mill |
| 1:58 | Create | Villager (Male) |
| 2:27 | Create | Villager (Male) |
| 2:57 | Create | Villager (Male) |
| 3:05 | Create | Villager (Male) |
| 3:24 | Build | House |
| 3:25 | Build | House |
| 3:34 | Create | Villager (Male) |
| 4:04 | Create | Villager (Male) |
| 4:04 | Create | Villager (Male) |
| 4:18 | Create | Villager (Male) |
| 4:34 | Create | Villager (Male) |
| 4:34 | Create | Villager (Male) |
| 4:34 | Create | Villager (Male) |
| 5:17 | Create | Villager (Male) |
| 6:17 | Research | Loom |
| 6:26 | Build | Lumber Camp |
| 6:57 | Research | Feudal Age |
| 6:57 | Research | Feudal Age |
| 6:57 | Research | Feudal Age |
| 6:57 | Research | Feudal Age |
| 6:58 | Research | Feudal Age |
| 6:58 | Research | Feudal Age |
| 8:10 | Create | Villager (Male) |
| 8:34 | Build | Barracks |
| 8:51 | Build | Palisade Wall |
| 9:07 | Age | Feudal Age |
| 9:08 | Create | Villager (Male) |
| 9:14 | Research | Double-Bit Axe |
| 9:33 | Research | Horse Collar |
| 9:33 | Research | Horse Collar |
| 9:34 | Create | Villager (Male) |
| 9:46 | Create | Spearman |
| 9:52 | Build | Mill |
| 9:59 | Build | House |
| 9:59 | Build | Palisade Wall |
| 10:04 | Create | Villager (Male) |
| 10:28 | Create | Villager (Male) |
| 10:29 | Build | Farm |
| 10:30 | Build | Farm |
| 10:38 | Build | House |
| 10:39 | Build | Palisade Wall |
| 11:03 | Build | Farm |
| 11:05 | Create | Villager (Male) |
| 11:24 | Create | Villager (Male) |
| 11:25 | Build | Farm |
| 11:29 | Build | Palisade Wall |
| 11:50 | Create | Villager (Male) |
| 11:54 | Build | Archery Range |
| 11:58 | Build | Palisade Wall |
| 11:59 | Build | Palisade Wall |
| 12:00 | Build | Palisade Wall |
| 12:08 | Build | House |
| 12:09 | Build | Palisade Wall |
| 12:11 | Build | Palisade Wall |
| 12:12 | Build | Palisade Wall |
| 12:13 | Build | Palisade Wall |
| 12:16 | Build | Palisade Wall |
| 12:19 | Create | Villager (Male) |
Match timeline
| 4:17 | JOJO ROAD ROLLER · wall_segment Palisade Wall x1 |
| 4:18 | JOJO ROAD ROLLER · wall_segment Palisade Wall x1 |
| 4:19 | JOJO ROAD ROLLER · wall_segment Palisade Wall x1 |
| 4:26 | JOJO ROAD ROLLER · first_building Barracks |
| 4:33 | JOJO ROAD ROLLER · wall_segment Palisade Wall x1 |
| 7:23 | JOJO ROAD ROLLER · wall_segment Palisade Wall x5 |
| 8:34 | shy_Ri · first_building Barracks |
| 8:51 | shy_Ri · wall_segment Palisade Wall x4 |
| 9:07 | shy_Ri · age_up feudal |
| 9:38 | JOJO ROAD ROLLER · wall_segment Palisade Wall x5 |
| 9:59 | shy_Ri · wall_segment Palisade Wall x1 |
| 10:39 | shy_Ri · wall_segment Palisade Wall x7 |
| 10:56 | JOJO ROAD ROLLER · age_up feudal |
| 11:00 | JOJO ROAD ROLLER · first_building Archery Range |
| 11:24 | JOJO ROAD ROLLER · wall_segment Palisade Wall x2 |
| 11:25 | JOJO ROAD ROLLER · wall_segment Palisade Wall x2 |
| 11:29 | shy_Ri · wall_segment Palisade Wall x5 |
| 11:35 | JOJO ROAD ROLLER · wall_segment Palisade Wall x3 |
| 11:54 | shy_Ri · first_building Archery Range |
| 11:58 | shy_Ri · wall_segment Palisade Wall x1 |
| 11:59 | shy_Ri · wall_segment Palisade Wall x2 |
| 12:00 | shy_Ri · wall_segment Palisade Wall x1 |
| 12:09 | shy_Ri · wall_segment Palisade Wall x1 |
| 12:11 | shy_Ri · wall_segment Palisade Wall x1 |
| 12:12 | shy_Ri · wall_segment Palisade Wall x1 |
| 12:13 | shy_Ri · wall_segment Palisade Wall x1 |
| 12:16 | shy_Ri · wall_segment Palisade Wall x1 |
| 12:17 | JOJO ROAD ROLLER · wall_segment Palisade Wall x2 |
| 12:35 | shy_Ri · resign |
[ AI ANALYSIS · 1 CREDIT ]
What really happened in this match?
Wolo.gg analyzes every decision: build order, eco, micro, common mistakes by bracket. Personalized analysis on WhatsApp or Discord in 30 seconds.
Civ guide
Malians
Perfil
Jugador #12249685